 Dungeon Crawl Stone Soup version 0.19-a0-978-g9f5ef2c (webtiles) character file.

143 zxkuqyb the Ruffian (level 5, -1/33 HPs)
             Began as a Gargoyle Monk on July 13, 2016.
             Killed from afar by an orc wizard (3 damage)
             ... with a magic dart
             ... on level 2 of the Dungeon.
             The game lasted 00:06:34 (1945 turns).

zxkuqyb the Ruffian (Gargoyle Monk)                 Turns: 1945, Time: 00:06:34

Health: -1/33      AC:  7    Str: 15    XL:     5   Next: 25%
Magic:  5/5        EV: 13    Int: 10    God:
Gold:   59         SH:  0    Dex: 13    Spells: 0 memorised, 4 levels left

rFire  . . .     SeeInvis .       - Unarmed
rCold  . . .     Gourm    .     a - +0 robe
rNeg   + . .     Faith    .     (no shield)
rPois  ∞         Spirit   .     (no helmet)
rElec  +         Dismiss  .     (no cloak)
rCorr  .         Reflect  .     g - +0 pair of gloves
SustAt .         Harm     .     (no boots)
MR     +....                    (no amulet)
Stlth  ++........               o - ring of protection from magic
                                (no ring)

@: somewhat resistant to hostile enchantments, unstealthy
A: negative energy resistance 1, electricity resistance, unbreathing,
petrification resistance, rot immunity, AC +4
a: no special abilities


You were on level 2 of the Dungeon.
You were not hungry.

You visited 1 branch of the dungeon, and saw 3 of its levels.

You collected 59 gold pieces.

Inventory:

Missiles
 p - 3 silver javelins (quivered)
Armour
 a - a +0 robe (worn)
 g - a +0 pair of gloves (worn)
 i - a cursed +0 leather armour
Jewellery
 c - an uncursed ring of ice
 m - an uncursed ring of wizardry {unknown}
 o - a ring of protection from magic (right hand)
Scrolls
 d - a scroll of identify {unknown}
 f - a scroll of magic mapping {unknown}
 h - a scroll of amnesia {unknown}
 k - a scroll of remove curse {unknown}
 l - 3 scrolls of fear {unknown}
Potions
 e - a potion of curing {unknown}
 j - a potion of heal wounds {unknown}
 n - a potion of ambrosia {unknown}
Comestibles
 b - 2 bread rations


   Skills:
 + Level 4.1 Fighting
 + Level 3.2 Dodging
 - Level 2.1 Stealth
 * Level 4.6 Unarmed Combat


You had 4 spell levels left.
You didn't know any spells.

Dungeon Overview and Level Annotations

Branches:
Dungeon (3/15)

Altars:
Trog


Innate Abilities, Weirdness & Mutations

You are resistant to torment.
Your stone body is resilient. (AC +4)
You are immune to poison.
You resist negative energy. (rN+)
You are resistant to electric shocks. (rElec)
You can survive without breathing.
You are immune to petrification.
You are immune to rotting.


Message History

You barely miss something.
You hear some strange, mumbled words.
A puff of flame appears from out of thin air!
The puff of flame hits you!
You bump into the rock wall.
You feel less confused. Something hits you.
* * * LOW HITPOINT WARNING * * *
You hit something. Something hits you.
* * * LOW HITPOINT WARNING * * *
You hit something. Something hits you but does no damage.
You closely miss something. Something hits you but does no damage.
You hit something. You punch something. Something hits you.
* * * LOW HITPOINT WARNING * * *
You closely miss something. You closely miss something.
You hear some strange, mumbled words.
A magic dart appears from out of thin air!
The magic dart hits you!
You die...

######.####.#
#######.####.#
#......<.....###
#.##............
#.##.##.########
#.##.##.# #
#.##.##.########
######o##.##.........
#..)@{o#........#####
#.######..#####......
#.# #..# #....... #.#
####..# ##.##### #.#
#.....# #.# #
#.###.....# #.# #
#.........#####.#####
#####................
##......#####.#####


You could see 2 orcs.

Vanquished Creatures
  An orc priest (D:2)
  Natasha (D:2)
  4 adders
  4 worms (D:2)
  A dart slug (D:1)
  An orc (D:2)
  9 bats
  A giant cockroach (D:1)
  4 hobgoblins
  5 kobolds
  A ball python (D:1)
  3 giant newts
  5 goblins
  4 rats
44 creatures vanquished.

Notes
Turn   | Place    | Note
-------+----------+-------------------------------------------
     0 | D:1      | zxkuqyb the Gargoyle Monk began the quest for the Orb.
     0 | D:1      | Reached XP level 1. HP: 14/14 MP: 1/1
   216 | D:1      | Reached XP level 2. HP: 13/19 MP: 2/2
   818 | D:1      | Reached XP level 3. HP: 23/23 MP: 3/3
  1218 | D:2      | Found a bloodstained altar of Trog.
  1379 | D:2      | Reached XP level 4. HP: 17/29 MP: 4/4
  1466 | D:2      | Noticed Natasha
  1477 | D:2      | Killed Natasha
  1930 | D:2      | Reached XP level 5. HP: 26/33 MP: 5/5
  1945 | D:2      | Killed from afar by an orc wizard

Vault maps used:
D:1:      dpeg_arrival_pond, serial_bayou_lake_a
D:2:      overflow_temple_1_default, uniq_natasha
D:3:      ashenzari_altar_1

Skill      XL: |  1  2  3  4 |
---------------+-------------+-----
Unarmed Combat | 4 |  4.6
Dodging        | 3 |  3.2
Fighting       | 4 |  4.1
Stealth        | |  2.1

Action                   |  1- 3 |  4- 6 || total
-------------------------+-------+-------++-------
Melee: Unarmed           |   144 |    65 ||   209
       Punch             |     5 |     2 ||     7
 Stab: Sleeping          |     6 |     3 ||     9
  Eat: Chunk             |     2 |     2 ||     4
Armor: Robe              |    42 |    27 ||    69
Dodge: Dodged            |    97 |    30 ||   127
